 Dungeon Crawl Stone Soup version 0.30-a0-377-g5cb311bc9f (webtiles) character file.

Game seed: 3528639662584460205

60 p00ps00p the Trooper (level 4, 0/40 HPs)
             Began as a Hill Orc Fighter on Nov 30, 2022.
             Succumbed to an adder's poison
             ... on level 2 of the Dungeon.
             The game lasted 00:01:28 (833 turns).

p00ps00p the Trooper (Hill Orc Fighter)              Turns: 833, Time: 00:01:29

Health: 0/40       AC: 10    Str: 17 (20) XL:     4   Next: 4%
Magic:  4/4        EV:  6    Int:  7 (8)  God:
Gold:   54         SH:  4    Dex:  8 (10) Spells: 3/3 levels left

rFire   . . .      SeeInvis .    a - +0 war axe
rCold   . . .      Faith    .    c - +0 buckler
rNeg    . . .      Spirit   .    j - +0 chain mail
rPois   .          Reflect  .    (no helmet)
rElec   .          Harm     .    (no cloak)
rCorr   .          Rampage  .    k - +0 pair of gloves
Will    .....                    (no boots)
Stlth   ..........               (no amulet)
HPRegen 0.26/turn                (no ring)
MPRegen 0.09/turn                (no ring)

@: mighty, lethally poisoned (0 -> -1)
A: no striking features
a: no special abilities


You were on level 2 of the Dungeon.
You visited 1 branch of the dungeon, and saw 2 of its levels.

You collected 54 gold pieces.

Inventory:

Hand Weapons
 a - a +0 war axe (weapon)
Armour
 b - a +0 scale mail
 c - a +0 buckler (worn)
 j - a +0 chain mail (worn)
 k - a +0 pair of gloves (worn)
Scrolls
 e - a scroll of blinking {unknown}
 f - a scroll of fog {unknown}
 i - a scroll of enchant weapon {unknown}
 l - a scroll of identify {unknown}
 n - 2 scrolls of enchant armour {unknown}
 o - a scroll of summoning {unknown}
 p - 2 scrolls of magic mapping {unknown}
 q - a scroll of noise {unknown}
Potions
 d - a potion of might
 g - a potion of heal wounds {unknown}
 h - a potion of degeneration
 m - a potion of brilliance {unknown}


   Skills:
 + Level 4.2 Fighting
 + Level 3.6 Axes
 + Level 3.8 Armour
 + Level 3.9 Shields


You had 3 spell levels left.
You didn't know any spells.
Your spell library contained the following spells:

 Spells                   Type           Power      Damage    Failure   Level
 Magic Dart               Conj           0%         1d3       100%        1
 Call Imp                 Summ           0%         N/A       100%        2
 Mephitic Cloud           Conj/Pois/Air  0%         N/A       100%        3
 Anguish                  Hex/Necr       0%         N/A       100%        4
 Enfeeble                 Hex            0%         N/A       100%        7


Dungeon Overview and Level Annotations

Branches:
Dungeon (2/15)

Altars:


Message History

You are too injured to fight recklessly!
You are too injured to fight recklessly!
You are too injured to fight recklessly!
You are too injured to fight recklessly!
You are too injured to fight recklessly!
You are too injured to fight recklessly!
You are too injured to fight recklessly!
An adder is nearby!
An adder is nearby!
You closely miss the adder.
The adder is moderately wounded.
* * * LOW HITPOINT WARNING * * *
You feel very sick. The adder bites you but does no damage.
You block the adder's attack.
You barely miss the adder.
The adder is moderately wounded.
* * * LOW HITPOINT WARNING * * *
You feel sick. The adder barely misses you.
You feel very mighty all of a sudden.
* * * LOW HITPOINT WARNING * * *
You feel sick. The adder barely misses you.
The adder bites you but does no damage.
You closely miss the adder.
The adder is moderately wounded.
You feel sick. The adder bites you.
* * * LOW HITPOINT WARNING * * *
You barely miss the adder.
The adder is moderately wounded.
* * * LOW HITPOINT WARNING * * *
You feel sick. The adder bites you but does no damage.
The adder barely misses you.
You slash the adder!
You kill the adder!
* * * LOW HITPOINT WARNING * * *
You feel sick.
You have reached level 4!
It was a potion of degeneration.
There was something very wrong with that liquid.
You feel weakened.
You feel dopey.
You feel clumsy.
You die...

#.. ##.#
##.########
#..........
#.#.#######
#.#....#
#.####.###
##.####...#
........#..#
.......@##.#
.......†# .#
........# .
........# .
........# .#
........#
........#
........#


There were no monsters in sight!

Vanquished Creatures
  3 adders (D:2)
  A dart slug (D:1)
  2 ball pythons (D:1)
  3 bats
  3 endoplasms (D:1)
  3 hobgoblins (D:1)
  3 kobolds
  4 quokkas
  2 frilled lizards
  6 rats
30 creatures vanquished.

Notes
Turn   | Place    | Note
-------+----------+-------------------------------------------
     0 | D:1      | p00ps00p the Hill Orc Fighter began the quest for the Orb.
     0 | D:1      | Reached XP level 1. HP: 19/19 MP: 1/1
   110 | D:1      | Reached XP level 2. HP: 27/27 MP: 2/2
   266 | D:1      | Reached skill level 4 in Fighting
   332 | D:1      | Reached XP level 3. HP: 33/33 MP: 3/3
   387 | D:1      | Found a faded altar of an unknown god.
   832 | D:2      | HP: 1/33 [poisoned by an adder]
   833 | D:2      | Reached XP level 4. HP: 1/40 MP: 4/4
   833 | D:2      | Succumbed to an adder's poison

Illustrated notes

Levels and vault maps discovered:
D:1:      mainiacjoe_arrival_reflecting_pool, layout_rooms,
          hellmonk_ecumenical_altar_leap_of_faith
D:2:      layout_basic

Skill      XL: |  1  2 |
---------------+-------+-----
Axes           | 3 |  3.6
Fighting       | 4 |  4.2
Armour         | |  3.8
Shields        | |  3.9

Action                   |  1- 3 |  4- 6 || total
-------------------------+-------+-------++-------
Melee: War axe           |    87 |       ||    87
  Use: Potion            |     1 |     1 ||     2
Armor: Scale mail        |    12 |       ||    12
       Chain mail        |    46 |       ||    46
Dodge: Dodged            |    36 |       ||    36
Block: Buckler           |    29 |       ||    29

Table legend: (Time is in decaauts)
 A = Elapsed time spent in this place.
 B = Non-inter-level travel time spent in this place.
 C = Inter-level travel time spent in this place.
 D = Time resting spent in this place.
 E = Time spent auto-exploring this place.
 F = Levels seen in this place.
 G = Mean time per level.
                   A        B        C        D        E       F      G
               +--------+--------+--------+--------+--------+-----+--------+
         Total |    865 |    819 |     46 |      0 |    575 |   2 |  432.5 |
       Dungeon |    865 |    819 |     46 |      0 |    575 |   2 |  432.5 |
               +--------+--------+--------+--------+--------+-----+--------+

Top non-repeatable levels by time:
     D:1: 633 daAuts
     D:2: 232 daAuts
